 Dungeon Crawl Stone Soup version 0.23.1-37-gaa34b87b72 (webtiles) character file.

Game seed: 8914823428262634727

89 Marnok the Skirmisher (level 4, 0/35 HPs)
             Began as a Human Fighter on Mar 25, 2019.
             Was an Initiate of the Shining One.
             Succumbed to an orc's poison
             ... on level 2 of the Dungeon.
             The game lasted 00:07:18 (1391 turns).

Marnok the Skirmisher (Human Fighter)               Turns: 1391, Time: 00:07:19

Health: 0/35       AC:  8    Str: 21    XL:     4   Next: 84%
Magic:  4/4        EV:  7    Int: 19    God:    the Shining One [......]
Gold:   86         SH:  9    Dex: 13    Spells: 3/3 levels left

rFire    . . .     SeeInvis .   a - +1 long sword
rCold    . . .     Gourm    .   c - +0 shield
rNeg     . . .     Faith    .   b - +0 scale mail
rPois    .         Spirit   .   k - +0 helmet
rElec    .         Reflect  .   (no cloak)
rCorr    .         Harm     .   (no gloves)
MR       .....                  (no boots)
Stlth    ..........             (no amulet)
HPRegen  0.11/turn              n - +5 ring of intelligence
MPRegen  0.09/turn              (no ring)

@: mighty, brilliant, lethally poisoned (0 -> -2), very slightly contaminated,
glowing, invisible (but backlit and visible)
A: no striking features
a: Renounce Religion


You were on level 2 of the Dungeon.
You worshipped the Shining One.
The Shining One was noncommittal.
You were very hungry.

You visited 1 branch of the dungeon, and saw 4 of its levels.

You collected 86 gold pieces.

Inventory:

Hand Weapons
 a - a +1 long sword (weapon)
Missiles
 e - 2 tomahawks (quivered)
 g - 2 javelins
Armour
 b - a +0 scale mail (worn)
 c - a +0 shield (worn)
 k - a +0 helmet (worn)
Jewellery
 n - a +5 ring of intelligence (left hand)
Scrolls
 i - a scroll of enchant weapon
 l - a scroll of teleportation
Potions
 d - a potion of might
 q - a potion of invisibility
Comestibles
 f - 3 rations


   Skills:
 + Level 3.4 Fighting
 + Level 3.4 Long Blades
 + Level 3.3 Armour
 + Level 0.4 Dodging
 + Level 0.3 Stealth
 + Level 3.4 Shields


You had 3 spell levels left.
You didn't know any spells.
Your spell library was empty.

Dungeon Overview and Level Annotations

Branches:
Dungeon (4/15)
 Temple: D:4-7

Altars:
Elyvilon
Yredelemnul
The Shining One


Message History

There is a lethal amount of poison in your body!
As you read the scroll labeled ULOCAD KIHITHU, it crumbles to dust.
You feel blessed for a moment.
It was a scroll of remove curse.
As you read the scroll labeled KYIGOO TYACUY, it crumbles to dust.
It is a scroll of amnesia.
You feel forgetful for a moment.
As you read the scroll labeled NAUWECH TAISHO, it crumbles to dust.
It is a scroll of identify.
l - a scroll of teleportation
* * * LOW HITPOINT WARNING * * *
You feel sick.
As you read the scroll labeled WAAPRY TEANU, it crumbles to dust.
The scroll dissolves into smoke.
It was a scroll of fog.
As you read the scroll labeled QIDDEE MOLUK, it crumbles to dust.
You hear a loud clanging noise!
It was a scroll of noise.
As you read the scroll labeled ELANNU JESAOMP, it crumbles to dust.
It is a scroll of enchant weapon.
Your +0 long sword glows red for a moment.
You die...

#.# #.# #[#
####.##########
..............#
####.########.#
.# #.# #.# .#
#.# ####.#######
.# #.#
#....§§@§§.#####
.# #.#
#.##.§§§§§.....#
#. #.# #
#######.###.# #
..# #.# #.# #.#
#.# #.# #.# #.#
#.# # #.# #.#
#.##.###.#


There were no monsters in sight!

Vanquished Creatures
  Jessica (D:2)
  An adder (D:3)
  2 worms
  A dart slug (D:2)
  2 orcs
  3 bats
  2 giant cockroaches
  7 goblins
  9 hobgoblins
  A quokka (D:2)
  4 frilled lizards
  7 kobolds
  6 rats
46 creatures vanquished.

Notes
Turn   | Place    | Note
-------+----------+-------------------------------------------
     0 | D:1      | Marnok the Human Fighter began the quest for the Orb.
     0 | D:1      | Reached XP level 1. HP: 18/18 MP: 1/1
   122 | D:2      | Reached XP level 2. HP: 23/24 MP: 2/2
   394 | D:1      | Reached XP level 3. HP: 28/29 MP: 3/3
   794 | D:1      | You fall through a shaft!
  1003 | D:2      | Noticed Jessica
  1012 | D:2      | Killed Jessica
  1012 | D:2      | Reached XP level 4. HP: 31/35 MP: 4/4
  1123 | D:2      | Found a white marble altar of Elyvilon.
  1248 | D:3      | Found a basalt altar of Yredelemnul.
  1253 | D:3      | Found a glowing golden altar of the Shining One.
  1259 | D:3      | Noticed an angel
  1264 | D:3      | Became a worshipper of the Shining One
  1388 | D:2      | HP: 1/35 [poisoned by an orc]
  1391 | D:2      | Succumbed to an orc's poison

Skill      XL: |  1  2  3 |
---------------+----------+-----
Long Blades    | 3 |  3.4
Fighting       | |  3.4
Armour         | |  3.3
Dodging        | |  0.4
Stealth        | |  0.3
Shields        | |  3.4

Action                   |  1- 3 |  4- 6 || total
-------------------------+-------+-------++-------
Melee: Long sword        |   121 |    59 ||   180
  Use: Scroll            |       |     7 ||     7
       Potion            |       |     3 ||     3
  Eat: Chunk             |     1 |       ||     1
Armor: Scale mail        |    46 |    17 ||    63
Dodge: Dodged            |    34 |    23 ||    57
Block: Shield            |    63 |    34 ||    97
       Rpst.: Long sword |    10 |     6 ||    16
